 Dungeon Crawl Stone Soup version 0.28-a0-1117-g0bdd5ba030 (webtiles) character file.

Game seed: 18390456227601305452

60 siradein the Skirmisher (level 3, -1/31 HPs)
             Began as a Palentonga Fighter on Dec 11, 2021.
             Succumbed to an orc wizard's poison
             ... on level 2 of the Dungeon.
             The game lasted 00:03:32 (2092 turns).

siradein the Skirmisher (Palentonga Fighter)        Turns: 2092, Time: 00:03:33

Health: -1/31      AC:  6    Str: 19    XL:     3   Next: 80%
Magic:  3/3        EV:  7    Int:  8    God:
Gold:   92         SH:  4    Dex: 11    Spells: 2/2 levels left

rFire   . . .      SeeInvis +   j - +0 dagger (vamp)
rCold   + . .      Faith    .   c - +0 buckler
rNeg    . . .      Spirit   .   b - +0 scale mail
rPois   .          Reflect  .   (no helmet)
rElec   .          Harm     .   (no cloak)
rCorr   .          Rampage  .   (no gloves)
Will    .....                   (no barding)
Stlth   ..........              (no amulet)
HPRegen 0.10/turn               e - ring of protection from cold
MPRegen 0.08/turn               (no ring)

@: lethally poisoned (-1 -> -5)
A: large, rugged brown scales 3, see invisible, deformed body, roll 1, armoured
tail
a: Rolling Charge


You were on level 2 of the Dungeon.
You visited 1 branch of the dungeon, and saw 3 of its levels.

You collected 92 gold pieces.

Inventory:

Hand Weapons
 a - a +0 long sword
 j - a +0 vampiric dagger (weapon)
Armour
 b - a +0 scale mail (worn)
 c - a +0 buckler (worn)
Jewellery
 e - a ring of protection from cold (left hand)
Scrolls
 f - 2 scrolls of amnesia {unknown}
 g - 2 scrolls of immolation {unknown}
 h - a scroll of fear {unknown}
 i - a scroll of identify {unknown}
 l - 2 scrolls of summoning {unknown}
Potions
 d - 2 potions of might
 k - a potion of brilliance {unknown}
 m - a potion of curing {unknown}
 n - 3 potions of heal wounds {unknown}


   Skills:
 + Level 3.4 Fighting
 + Level 2.5 Long Blades
 + Level 2.8 Armour
 + Level 1.1 Dodging
 + Level 2.8 Shields


You had 2 spell levels left.
You didn't know any spells.
Your spell library contained the following spells:

 Spells                   Type           Power      Damage    Failure   Level
 Sting                    Tmut/Pois      0%         1d3       78%         1
 Ensorcelled Hibernation  Hex/Ice        0%         N/A       89%         2
 Poisonous Vapours        Pois/Air       0%         N/A       89%         2
 Tukima's Dance           Hex            0%         N/A       98%         3
 Olgreb's Toxic Radiance  Pois           0%         N/A       100%        4


Dungeon Overview and Level Annotations

Branches:
Dungeon (3/15)

Altars:


Innate Abilities, Weirdness & Mutations

You are completely covered in rugged brown scales. (AC +3, +7% HP)
You have supernaturally acute eyesight. (SInv)
Armour fits poorly on your strangely shaped body.
You can roll at nearby foes to attack.
You have a long armoured tail.


Message History

The orc wizard casts a spell at you.
You are more confused.
You feel sick.
The orc wizard points at you and mumbles some strange words.
The magic dart hits you. The orc hits you but does no damage.
An orc wizard comes into view. It is wielding a +0 dagger.
You see here a giant cockroach corpse.
You feel sick.
You are no longer poisoned.
The orc hits you but does no damage.
The orc wizard points at you and mumbles some strange words.
You resist with significant effort.
There is a stone staircase leading up here.
In your confused state, you trip and fall back down the stairs.
You are too confused!
The orc hits you but does no damage.
The orc wizard hits you but does no damage.
You are poisoned.
The orc barely misses you.
In your confused state, you trip and fall back down the stairs.
You feel sick.
The orc wizard casts a spell.
The orc wizard flickers and vanishes for a moment.
The orc wizard points at you and mumbles some strange words.
The puff of flame hits you!
* * * LOW HITPOINT WARNING * * *
The orc hits you with a +0 club.
* * * LOW HITPOINT WARNING * * *
The orc hits you but does no damage.
Unknown command.
You feel less confused.
* * * LOW HITPOINT WARNING * * *
You feel sick. The orc hits you with a +0 club.
* * * LOW HITPOINT WARNING * * *
The orc wizard gestures at you while chanting.
The puff of flame hits you.
* * * LOW HITPOINT WARNING * * *
You block the orc's attack.
You climb upwards.
You die...

#.......#...'#..............#
##.......#....................
#.........รท....###...........#
#............[.# #...#........
#..............###...#........
####.............#...#........
######.........#.....#........
#...........o.#.....##........
#.........##o@..#.#...........
#............o.##.#.#....####.
#..............##.#......###..
#..............##.##.....'....
#####..........#...##....###..
#..........##.###.........
#...########...##.........
#####....# #..#..#...<.....
#...#....# ##...#####......


You could see an orc wizard and 2 orcs.

Vanquished Creatures
  2 adders (D:2)
  3 endoplasms
  5 giant cockroaches
  5 goblins
  5 hobgoblins
  4 jackals (D:1)
  2 quokkas (D:1)
  2 ball pythons (D:2)
  5 bats
  A frilled lizard (D:2)
  4 rats
38 creatures vanquished.

Notes
Turn   | Place    | Note
-------+----------+-------------------------------------------
     0 | D:1      | siradein the Palentonga Fighter began the quest for the
                  | Orb.
     0 | D:1      | Reached XP level 1. HP: 19/19 MP: 1/1
   219 | D:1      | Reached XP level 2. HP: 16/25 MP: 2/2
  1120 | D:2      | Found a faded altar of an unknown god.
  1174 | D:2      | Reached XP level 3. HP: 23/31 MP: 3/3
  1445 | D:2      | Reached skill level 1 in Dodging
  2091 | D:3      | HP: 1/31 [orc wizard/puff of flame (3)]
  2092 | D:2      | Succumbed to an orc wizard's poison

Illustrated notes

Levels and vault maps discovered:
D:1:      pf_arrival_petrified_forest, layout_rooms
D:2:      minmay_spotlight, layout_basic, shapermc_ecumenical_altar_mp_vishouse
D:3:      layout_loops_corners, nicolae_wu_jian_wuxing_cycle,
          grunt_ashenzari_visionary [grunt_ashenzari_visionary_swamp,
          grunt_ashenzari_visionary_spider], nicolae_uskayaw_dance_hall,
          minmay_cut_off

Skill      XL: |  1  2  3 |
---------------+----------+-----
Dodging        | 1 |  1.1
Fighting       | |  3.4
Long Blades    | |  2.5
Armour         | |  2.8
Shields        | |  2.8

Action                   || total
-------------------------++-------
Melee: Long sword        ||    88
       Dagger            ||    43
       Tailslap          ||    10
 Abil: Rolling Charge    ||     1
Armor: Scale mail        ||   106
Dodge: Dodged            ||    63
Block: Buckler           ||    40

Table legend: (Time is in decaauts)
 A = Elapsed time spent in this place.
 B = Non-inter-level travel time spent in this place.
 C = Inter-level travel time spent in this place.
 D = Time resting spent in this place.
 E = Time spent auto-exploring this place.
 F = Levels seen in this place.
 G = Mean time per level.
                   A        B        C        D        E       F      G
               +--------+--------+--------+--------+--------+-----+--------+
         Total |   2114 |   2080 |     34 |     96 |   1664 |   3 |  704.7 |
       Dungeon |   2114 |   2080 |     34 |     96 |   1664 |   3 |  704.7 |
               +--------+--------+--------+--------+--------+-----+--------+

Top non-repeatable levels by time:
     D:2: 1197 daAuts
     D:1: 886 daAuts
     D:3: 31 daAuts
